 Dungeon Crawl Stone Soup version 0.30.0-5-g1a98f26d00 (webtiles) character file.

Game seed: 302648836598683127

56 voltaire321 the Gusty (level 4, -5/25 HPs)
             Began as a Kobold Air Elementalist on May 9, 2023.
             Slain by an iguana (9 damage)
             ... on level 2 of the Dungeon.
             The game lasted 00:05:16 (1667 turns).

voltaire321 the Gusty (Kobold Air Elementalist)     Turns: 1667, Time: 00:05:16

Health: -5/25      AC:  2    Str:  7    XL:     4   Next: 15%
Magic:  1/7        EV: 15    Int: 16    God:
Gold:   122        SH:  0    Dex: 15    Spells: 2/8 levels left

rFire   . . .        f - +3 dagger
rCold   . . .        (no shield)
rNeg    . . .        a - +0 robe
rPois   .            (no helmet)
rElec   .            (no cloak)
rCorr   .            (no gloves)
SInv    .            (no boots)
Will    .....        (no amulet)
Stlth   +++          (no ring)
HPRegen 0.24/turn    (no ring)
MPRegen 0.10/turn

%: no passive effects
@: no status effects
A: small, no large weapons, nightstalker 3
a: no special abilities


You were on level 2 of the Dungeon.
You visited 1 branch of the dungeon, and saw 2 of its levels.

You collected 122 gold pieces.

Inventory:

Hand Weapons
 c - a +0 rapier
 f - a +3 dagger (weapon)
Armour
 a - a +0 robe (worn)
Scrolls
 g - 2 scrolls of fear {unknown}
 h - 2 scrolls of vulnerability {unknown}
Potions
 b - a potion of magic
 d - a potion of curing
 e - a potion of invisibility {unknown}
 i - 2 potions of heal wounds {unknown}
 j - a potion of degeneration {unknown}
 k - a potion of flight {unknown}


   Skills:
 + Level 1.2 Fighting
 + Level 0.8 Armour
 + Level 3.1 Dodging
 - Level 2.6 Stealth
 + Level 2.5 Spellcasting
 + Level 1.7 Conjurations
 + Level 3.3 Air Magic


You had 2 spell levels left.
You knew the following spells:

 Your Spells              Type           Power      Damage    Failure   Level
a - Shock                 Conj/Air       40%        1d5       7%          1
b - Static Discharge      Conj/Air       20%        2-3/arc   11%         2
c - Swiftness             Air            12%        N/A       16%         3

Your spell library contained the following spells:

 Spells                   Type           Power      Damage    Failure   Level
 Vhi's Electric Charge    Tloc/Air       14%        N/A       30%         3
 Airstrike                Air            6%         2d(1-17)  45%         4
 Arcjolt                  Conj/Air       5%         1d15      88%         5
 Summon Forest            Summ/Tloc      1%         N/A       99%         5
 Eringya's Noxious Bog    Tmut/Pois      1%         N/A       100%        6
 Plasma Beam              Fire/Air       3%         2x1d15    100%        6
 Summon Hydra             Summ           1%         N/A       100%        7


Dungeon Overview and Level Annotations

Branches:
Dungeon (2/15)

Altars:
Hepliaklqana


Innate Abilities, Weirdness & Mutations

You are small and have problems with some larger weapons.
You are completely attuned to the shadows.


Message History

Press: ? - help, Q - select action, (/) - cycle Shift-Dir - straight line, f/p - hobgoblin
Aim: a hobgoblin (68% to hit)
The zap hits the hobgoblin.
The hobgoblin is severely wounded.
Aiming: Shock (safe; 7% risk of failure)
Press: ? - help, Q - select action, (/) - cycle Shift-Dir - straight line, f/p - hobgoblin
Aim: a hobgoblin (severely wounded, 68% to hit)
The zap hits the hobgoblin.
The hobgoblin is almost dead.
The zap hits the hobgoblin.
You kill the hobgoblin!
An iguana comes into view.
Aiming: Shock (safe; 7% risk of failure)
Press: ? - help, Q - select action, (/) - cycle Shift-Dir - straight line, f - iguana
Aim: an iguana (wandering, hasn't noticed you, 72% to hit)
The zap hits the iguana.
The iguana is lightly wounded.
The iguana hisses angrily.
The iguana bites you!
You closely miss the iguana.
The iguana is lightly wounded.
The iguana bites you!
You hit the iguana.
The iguana is heavily wounded.
The iguana bites you.
* * * LOW HITPOINT WARNING * * *
Aiming: Shock (safe; 7% risk of failure)
Press: ? - help, Q - select action, (/) - cycle Shift-Dir - straight line, f/p - iguana
Aim: an iguana (heavily wounded, 72% to hit)
The zap hits the iguana.
The iguana is heavily wounded.
The iguana bites you.
* * * LOW HITPOINT WARNING * * *
Aiming: Shock (safe; 7% risk of failure)
Press: ? - help, Q - select action, (/) - cycle Shift-Dir - straight line, f/p - iguana
Aim: an iguana (heavily wounded, 72% to hit)
The zap hits the iguana.
The iguana is heavily wounded.
The iguana bites you!
You die...

.....#......# #..
.........#########..
..##.#########...#..
#...........#.#.# ...
###########...#.# ...#
##.##.# #... #)##..
....########## #.####
#..l@.......####.#...
.†.)####.#........#.##
..#. #...#.###### . ..
##.##.# .#l #.#...
#...... ###. #.


You could see an iguana.

Vanquished Creatures
  An adder (D:2)
  A worm (D:2)
  A dart slug (D:2)
  5 bats
  3 endoplasms (D:1)
  4 goblins
  4 hobgoblins
  3 jackals (D:2)
  3 kobolds
  A quokka (D:1)
  7 ball pythons
  2 frilled lizards (D:1)
  A rat (D:2)
36 creatures vanquished.

Notes
Turn   | Place    | Note
-------+----------+-------------------------------------------
     0 | D:1      | voltaire321 the Kobold Air Elementalist began the quest for
                  | the Orb.
     0 | D:1      | Reached XP level 1. HP: 10/10 MP: 3/3
   208 | D:1      | Reached XP level 2. HP: 16/16 MP: 3/5
   549 | D:1      | Learned a level 2 spell: Static Discharge
   635 | D:1      | Reached XP level 3. HP: 20/20 MP: 3/6
  1034 | D:2      | Reached skill level 1 in Fighting
  1410 | D:2      | Reached XP level 4. HP: 25/25 MP: 5/7
  1414 | D:2      | Learned a level 3 spell: Swiftness
  1543 | D:2      | Found a hazy altar of Hepliaklqana.
  1667 | D:2      | Slain by an iguana

Illustrated notes

Levels and vault maps discovered:
D:1:      amcnicky_arrival_blooded_trapdoor, layout_basic
D:2:      layout_loops_ring, basic_altar, shapermc_ecumenical_altar_acropolis,
          minmay_misc_feat_more_columns

Skill      XL: |  1  2  3 |
---------------+----------+-----
Fighting       | 1 |  1.2
Dodging        | 3 |  3.1
Armour         | |  0.8
Stealth        | |  2.6
Spellcasting   | |  2.5
Conjurations   | |  1.7
Air Magic      | |  3.3

Action                     |  1- 3 |  4- 6 || total
---------------------------+-------+-------++-------
  Melee: Dagger            |    18 |     4 ||    22
         Punch             |     1 |       ||     1
   Cast: Shock             |    57 |    14 ||    71
    Use: Potion            |     1 |       ||     1
  Dodge: Dodged            |    24 |       ||    24
